 Dungeon Crawl Stone Soup version 0.24-a0-537-g2d01d4ab0a (webtiles) character file.

Game seed: 402712978295391542

95 GordonOverkill the Sneak (level 4, 0/30 HPs)
             Began as a Merfolk Fire Elementalist on Aug 15, 2019.
             Slain by an ogre
             ... wielding a +0 giant club
              (30 damage)
             ... on level 6 of the Dungeon.
             The game lasted 00:07:37 (2588 turns).

GordonOverkill the Sneak (MfFE)                     Turns: 2588, Time: 00:07:37

Health: 0/30       AC:  3    Str:  8    XL:     4   Next: 66%
Magic:  3/7        EV: 13    Int: 15    God:
Gold:   123        SH:  0    Dex: 14    Spells: 7/8 levels left

rFire    . . .     SeeInvis .   a - +0 hunting sling
rCold    . . .     Gourm    .   (no shield)
rNeg     . . .     Faith    .   j - +0 robe
rPois    .         Spirit   .   h - +0 helmet
rElec    .         Reflect  .   (no cloak)
rCorr    .         Harm     .   (no gloves)
MR       .....                  (no boots)
Stlth    ++........             (no amulet)
HPRegen  0.10/turn              (no ring)
MPRegen  0.10/turn              (no ring)

@: no status effects
A: change form in water, swift swim, stealthy swim
a: no special abilities


You were on level 6 of the Dungeon.
You were not hungry.

You visited 1 branch of the dungeon, and saw 4 of its levels.

You collected 123 gold pieces.

Inventory:

Hand Weapons
 a - a +0 hunting sling (weapon)
 b - a +0 short sword
 p - a +0 trident
Missiles
 l - 23 sling bullets (quivered)
 q - 73 stones
Armour
 h - a +0 helmet (worn)
 j - a +0 robe (worn)
Jewellery
 n - an uncursed ring of fire {unknown}
Scrolls
 d - a scroll of blinking
 f - 3 scrolls of identify
 i - a scroll of immolation
 r - a scroll of remove curse
Potions
 o - 2 potions of lignification
Comestibles
 c - 5 rations


   Skills:
 - Level 3.0 Dodging
 + Level 3.1 Stealth
 + Level 2.5 Spellcasting
 + Level 1.5 Conjurations
 - Level 3.0 Fire Magic


You had 7 spell levels left.
You knew the following spells:

 Your Spells              Type           Power        Failure   Level  Hunger
a - Flame Tongue          Conj/Fire      #....        9%          1    #......

Your spell library contained the following spells:

 Spells                   Type           Power        Failure   Level  Hunger
 Throw Flame              Conj/Fire      #.....       12%         2    ###....
 Conjure Flame            Conj/Fire      #.......     24%         3    ###....
 Inner Flame              Hex/Fire       #.......     34%         3    ###....
 Sticky Flame             Conj/Fire      #.......     63%         4    #####..
 Fireball                 Conj/Fire      #.........   92%         5    ######.


Dungeon Overview and Level Annotations

Branches:
Dungeon (3/15)

Altars:
Ru
Wu Jian


Message History

The flame tongue hits the ogre.
The ogre is heavily wounded.
Casting: Flame Tongue (safe; 9% risk of failure)
Confirm with . or Enter, or press ? or * to list all spells.
Aiming: Flame Tongue (safe; 9% risk of failure)
Press: ? - help, Shift-Dir - straight line, f/p - ogre
Aim: an ogre, wielding a +0 giant club (heavily wounded)
The flame tongue hits the ogre.
The ogre is heavily wounded.
The ogre closely misses you.
Casting: Flame Tongue (safe; 9% risk of failure)
Confirm with . or Enter, or press ? or * to list all spells.
Aiming: Flame Tongue (safe; 9% risk of failure)
Press: ? - help, Shift-Dir - straight line, f/p - ogre
Aim: an ogre, wielding a +0 giant club (heavily wounded)
The flame tongue hits the ogre!
The ogre is almost dead.
The ogre hits you with a +0 giant club!!
Ouch! That really hurt!
You die...

## .### .. ≈≈≈## ####(.
..≈.# #...# # ≈≈≈.#
#...# .# ..>.# #####...#
..#
##..###.......#####...##
#......................
##..##.......##@##...#
##.##.......##O# #
#.##.......##.#
#..##########.# ##..#
#(# ##.## #(# ##.# ...
##..# ... #.###


You could see an ogre.

Vanquished Creatures
  A jelly (D:6)
  An ooze (D:1)
  2 dart slugs
  A leopard gecko (D:3)
  6 orcs (D:3)
  2 ball pythons
  4 bats
  3 giant cockroaches
  2 goblins
  3 hobgoblins
  5 jackals (D:2)
  3 frilled lizards
  8 kobolds
  A leopard gecko zombie (D:6)
  6 rats
48 creatures vanquished.

Notes
Turn   | Place    | Note
-------+----------+-------------------------------------------
     0 | D:1      | GordonOverkill the Merfolk Fire Elementalist began the
                  | quest for the Orb.
     0 | D:1      | Reached XP level 1. HP: 13/13 MP: 3/3
   278 | D:1      | Reached XP level 2. HP: 16/19 MP: 0/5
   374 | D:1      | Reached skill level 1 in Conjurations
   881 | D:2      | Reached XP level 3. HP: 24/24 MP: 3/6
  2242 | D:3      | Reached XP level 4. HP: 30/30 MP: 3/7
  2471 | D:3      | You fall into a shaft and drop 3 floors!
  2471 | D:6      | Found an ornate altar of the Wu Jian Council.
  2476 | D:6      | Noticed a phantom
  2479 | D:6      | Noticed a centaur
  2515 | D:6      | Found a sacrificial altar of Ru.
  2581 | D:6      | Noticed an ogre
  2588 | D:6      | Slain by an ogre

Levels and vault maps discovered:
D:1:      nzn_arrival_crosshair, layout_rooms
D:2:      layout_basic, serial_forest, infiniplex_forest_lined_2,
          infiniplex_forest_end_2, infiniplex_forest_clump_long,
          infiniplex_forest_straight_4, infiniplex_forest_diagonal,
          infiniplex_forest_fountain
D:3:      layout_loops_cross, first_ration, uniq_natasha
D:6:      layout_basic, minmay_overflow_temple_star_hex,
          nicolae_ru_the_path_less_chosen, gup_ossuary_entry_pyramid,
          chequers_serial_rivers_micro_d, uniq_menkaure, uniq_duvessa

Skill      XL: |  1  2  3  4 |
---------------+-------------+-----
Conjurations   | 1 |  1.5
Dodging        | 3 |  3.0
Stealth        | 3 |  3.1
Fire Magic     | 3 |  3.0
Spellcasting   | |  2.5

Action                   |  1- 3 |  4- 6 || total
-------------------------+-------+-------++-------
Melee: Short sword       |    12 |       ||    12
 Fire: Hunting sling     |    83 |    14 ||    97
 Cast: Flame Tongue      |    48 |    17 ||    65
  Use: Potion            |     3 |       ||     3
       Scroll            |       |     5 ||     5
  Eat: Chunk             |     5 |     1 ||     6
Armor: Robe              |    13 |     1 ||    14
Dodge: Dodged            |    56 |     6 ||    62

Table legend:
 A = Non-vault XP
 B = Vault XP
 C = Vault XP percentage of total XP
 D = Non-vault monster count
 E = Vault monster count
 F = Vault count percentage of total count
                 A         B        C        D         E       F
            +---------+---------+-------+---------+---------+-------
      Total |     137 |       0 |   0.0 |      48 |       0 |   0.0
            +---------+---------+-------+---------+---------+-------
        D:1 |      28 |       0 |   0.0 |      14 |       0 |   0.0
        D:2 |      38 |       0 |   0.0 |      21 |       0 |   0.0
        D:3 |      27 |       0 |   0.0 |      11 |       0 |   0.0
        D:6 |      44 |       0 |   0.0 |       2 |       0 |   0.0
            +---------+---------+-------+---------+---------+-------
